Map: Catalesque CE

Players

Trilag

  • Race: Zerg Zerg
  • Spawn Location: 11:00

Pyros

  • Race: Protoss Protoss
  • Spawn Location: 11:00

Ekelpack - Winner!

  • Race: Zerg Zerg
  • Spawn Location: 5:00

Nyck - Winner!

  • Race: Terran Terran
  • League: Silver
  • Spawn Location: 5:00

VOD

Have the link to the VOD?

Description

Time

  • Played on: Nov. 8, 2024, 12:03 p.m.
  • Length: 16:10
Show
View Real Time Build Order
Export as new Build Order

Trilag Zerg 

Build Orders: 3 Hatch before Pool 

Get SALT Encoding   

  12  0:00  Drone  
  13  0:12  Overlord  
  13  0:17  Drone  
  14  0:30  Drone x2  
  14  0:35  Drone  
  17  0:58  Hatchery, Drone  
  17  1:21  Hatchery  
  17  1:22  Drone  
  17  1:23  Drone  
  18  1:38  Spawning Pool  
  17  1:40  Drone  
  17  1:41  Extractor  
  17  1:43  Drone  
  18  1:48  Drone  
  19  1:56  Drone  
  20  2:07  Drone  
  21  2:13  Drone  
  22  2:24  Queen x2  
  22  2:26  Zergling x4  
  28  2:33  Queen  
  28  2:35  Zergling x2  
  31  2:38  Drone  
  31  2:42  Overlord  
  32  2:47  Metabolic Boost  
  32  2:56  Zergling x4  
  34  3:08  Zergling x4  
  34  3:09  Drone x2  
  38  3:17  Baneling Nest  
  37  3:20  Zergling x2  
  37  3:21  Zergling x6  
  37  3:25  Overlord  
  41  3:34  Zergling x2  
  42  3:46  Zergling x14  
  49  3:51  Overlord  
  49  3:55  Drone  
  50  4:17  Lair  
  50  4:20  Drone  
  50  4:21  Drone x2, Extractor  
  50  4:22  Drone  
  53  4:24  Drone  
  53  4:25  Drone x4  
  53  4:28  Overlord  
  58  4:40  Baneling x5  
  58  4:41  Baneling  
  58  4:50  Overlord, Extractor  
  58  4:51  Drone x3  
  58  4:52  Drone  
  52  5:27  Drone x2  
  52  5:28  Drone x3  
  56  5:32  Centrifugal Hooks  
  57  5:36  Infestation Pit  
  57  5:38  Evolution Chamber  
  57  5:40  Drone x3  
  57  5:41  Evolution Chamber  
  57  5:47  Drone  
  57  5:48  Drone, Extractor  
  57  5:49  Drone x3  
  61  5:54  Spore Crawler  
  61  5:56  Spore Crawler  
  59  6:09  Hatchery  
  58  6:15  Hatchery  
  58  6:17  Spore Crawler, Pneumatized Carapace  
  56  6:20  Spore Crawler  
  56  6:24  Spore Crawler  
  54  6:27  Spore Crawler  
  54  6:32  Drone x3  
  56  6:36  Zerg Melee Weapons Level 1, Zerg Ground Armor Level 1  
  56  6:39  Drone x3  
  60  6:40  Drone  
  60  6:41  Drone  
  60  6:42  Drone  
  65  7:14  Hatchery  
  64  7:19  Overlord x2  
  64  7:20  Overlord x3  
  64  7:25  Hive  
  62  7:36  Drone  
  63  7:37  Drone x9  
  63  7:38  Drone x5  
  77  7:52  Extractor  
  76  8:03  Extractor  
  76  8:04  Extractor  
  74  8:08  Drone x3  
  74  8:09  Drone x3  
  74  8:11  Spore Crawler  
  74  8:12  Spore Crawler  
  78  8:13  Drone x2  
  78  8:14  Drone x2, Hatchery, Spore Crawler  
  78  8:18  Drone  
  78  8:19  Drone x2  
  83  8:23  Queen  
  83  8:24  Queen  
  86  8:45  Spore Crawler, Viper  
  86  8:46  Viper x5, Spore Crawler  
  86  8:47  Viper, Spore Crawler, Extractor  
  103  8:51  Zerg Melee Weapons Level 2  
  103  9:09  Drone x2  
  105  9:15  Drone  
  105  9:16  Drone x2  
  108  9:50  Overlord x5  
  108  9:51  Overlord x2  
  100  10:25  Drone  
  100  10:26  Drone x13  
  100  10:27  Drone x6  
  120  10:42  Extractor  
  119  10:43  Spore Crawler  
  119  10:45  Spore Crawler  
  119  10:46  Drone x2  
  119  10:47  Drone, Spore Crawler  
  119  10:53  Zerg Ground Armor Level 2  
  119  10:55  Adrenal Glands  
  119  10:56  Neural Parasite  
  119  10:59  Burrow  
  119  11:02  Overseer x3  
  119  11:03  Overseer x2  
  119  11:12  Zergling x12  
  119  11:13  Zergling x34  
  139  11:30  Extractor  
  139  11:31  Spore Crawler, Drone x2  
  139  11:32  Drone, Spore Crawler  
  139  11:33  Spore Crawler  
  139  11:34  Drone  
  139  11:35  Drone x4  
  139  11:39  Baneling  
  143  11:40  Baneling x6  
  143  11:48  Drone  
  143  11:49  Spire  
  143  12:05  Overlord x9  
  143  12:06  Overlord x3  
  124  13:01  Zerg Melee Weapons Level 3  
  124  13:02  Zerg Flyer Weapons Level 1  
  124  13:04  Corruptor x15  
  124  13:05  Corruptor x7  
  167  13:38  Spore Crawler x2, Extractor  
  167  13:40  Extractor  
  167  13:41  Spore Crawler  
  162  13:42  Spore Crawler  
  162  13:43  Spore Crawler  
  162  13:45  Spore Crawler  
  137  14:47  Viper  
  137  14:48  Viper x14  
  182  15:02  Zergling x22  
  182  15:03  Zergling x12  
Show
View Real Time Build Order
Export as new Build Order

Pyros Protoss 

Build Orders: 1 Gate Expand, Blink Stalkers 

Get SALT Encoding   

  12  0:00  Probe  
  13  0:13  Probe  
  14  0:25  Pylon, Probe  
  15  0:43  Probe (Chrono Boost)  
  15  0:45  Gateway  
  16  0:55  Assimilator, Probe (Chrono Boost)  
  17  1:00  Probe (Chrono Boost)  
  18  1:10  Probe (Chrono Boost)  
  19  1:22  Probe (Chrono Boost)  
  20  1:27  Probe (Chrono Boost)  
  21  1:35  Cybernetics Core  
  21  1:44  Nexus  
  21  1:56  Gateway  
  21  2:00  Pylon  
  21  2:06  Assimilator  
  20  2:16  Adept (Chrono Boost)  
  20  2:20  Warp Gate  
  22  2:26  Shield Battery  
  22  2:30  Probe  
  23  2:38  Gateway  
  23  2:40  Adept (Chrono Boost)  
  25  2:44  Sentry  
  27  2:55  Probe  
  28  3:04  Twilight Council  
  28  3:07  Probe  
  29  3:13  Probe (Chrono Boost)  
  29  3:19  Probe (Chrono Boost)  
  31  3:25  Probe (Chrono Boost)  
  32  3:27  Pylon  
  32  3:29  Probe (Chrono Boost)  
  32  3:32  Probe (Chrono Boost)  
  34  3:34  Probe (Chrono Boost)  
  34  3:38  Stalker  
  34  3:40  Blink (Chrono Boost)  
  37  3:45  Probe  
  37  3:47  Probe  
  39  3:54  Assimilator  
  39  4:10  Stalker x2  
  39  4:16  Probe  
  44  4:19  Probe  
  45  4:28  Probe  
  45  4:29  Assimilator  
  46  4:31  Probe  
  46  4:35  Robotics Facility  
  47  4:40  Probe  
  47  4:43  Probe  
  47  4:45  Stalker  
  51  4:46  Stalker  
  54  4:52  Probe  
  54  4:54  Pylon  
  54  4:58  Pylon  
  54  5:00  Pylon  
  54  5:12  Probe x2  
  56  5:24  Probe  
  57  5:30  Stalker  
  59  5:36  Observer  
  59  5:37  Nexus  
  59  5:39  Pylon  
  59  5:40  Pylon  
  59  5:41  Pylon  
  60  5:53  Observer  
  61  6:00  Stalker x2  
  61  6:03  Charge  
  65  6:06  Gateway  
  65  6:08  Gateway  
  65  6:12  Forge  
  65  6:14  Forge  
  62  6:42  Stalker  
  62  6:43  Stalker x2  
  66  7:41  Probe x3  
  69  7:49  Protoss Ground Armor Level 1, Protoss Ground Weapons Level 1  
  69  7:53  Probe x3  
  69  7:56  Templar Archives  
  69  7:57  Gateway  
  72  8:01  Gateway  
  72  8:03  Gateway  
  73  8:05  Gateway, Probe x3  
  73  8:09  Pylon  
  73  8:10  Photon Cannon  
  73  8:11  Photon Cannon  
  75  8:13  Pylon  
  75  8:15  Pylon  
  75  8:17  Probe x2, Photon Cannon  
  75  8:18  Probe, Photon Cannon  
  78  8:23  Pylon  
  78  8:25  Pylon  
  78  8:28  Photon Cannon  
  78  8:30  Photon Cannon  
  78  8:33  Photon Cannon  
  78  8:35  Photon Cannon  
  78  8:37  Shield Battery, Probe x3  
  81  8:41  Photon Cannon  
  81  8:42  Photon Cannon  
  81  8:48  Stalker x2  
  85  8:49  Probe x2  
  85  8:50  Probe  
  88  9:01  Probe x2  
  88  9:02  Probe  
  90  9:08  Assimilator  
  88  9:11  Photon Cannon  
  88  9:12  Photon Cannon  
  88  9:13  Probe, Photon Cannon  
  88  9:15  Photon Cannon  
  89  9:18  Shield Battery  
  89  9:25  Stalker x5  
  99  9:32  Probe  
  99  9:33  Probe x2  
  102  9:44  Probe  
  102  9:45  Probe x2  
  105  9:51  Assimilator  
  105  9:54  Assimilator, Psionic Storm  
  105  9:57  Probe  
  105  9:58  High Templar x2  
  105  9:59  High Templar x5  
  120  10:06  Archon x3  
  120  10:39  Photon Cannon  
  120  10:40  Photon Cannon  
  120  10:42  Photon Cannon  
  120  10:45  Photon Cannon  
  120  10:48  Shield Battery  
  120  10:50  Shield Battery  
  120  10:51  Robotics Facility  
  120  10:53  Robotics Facility  
  120  10:57  Robotics Facility  
  120  11:01  Pylon  
  120  11:03  Pylon  
  120  11:04  Pylon  
  120  11:12  Protoss Ground Weapons Level 2 (Chrono Boost)  
  120  11:13  Protoss Ground Armor Level 2 (Chrono Boost)  
  120  11:27  High Templar x2  
  120  11:29  Zealot x4  
  120  11:30  Zealot x2  
  136  11:51  Zealot x5  
  136  11:52  Zealot  
  148  12:05  High Templar x2  
  152  12:09  Archon  
  152  12:14  Immortal x2  
  152  12:15  Immortal  
  164  12:47  Zealot x3  
  164  12:48  Zealot x5  
  88  14:11  Stalker x6  
  88  14:12  Stalker x2  
  96  14:27  Immortal  
  96  14:28  Immortal x3  
  110  14:51  Stalker  
  110  14:52  Stalker x6  
  108  14:53  Stalker  
  82  15:15  Stalker  
  82  15:16  Zealot x3  
  82  15:17  Zealot x4  
  71  15:39  Zealot x5  
  71  15:40  Zealot x3  
Show
View Real Time Build Order
Export as new Build Order

Ekelpack Zerg - Winner!

Build Orders: Hatch First 

Get SALT Encoding   

  12  0:00  Drone  
  13  0:13  Overlord  
  13  0:19  Drone  
  14  0:32  Drone  
  15  0:46  Hatchery  
  15  0:48  Drone  
  15  1:04  Spawning Pool  
  15  1:06  Drone  
  15  1:09  Extractor  
  14  1:12  Drone  
  14  1:16  Drone  
  16  1:20  Drone  
  17  1:29  Drone  
  18  1:42  Drone  
  19  1:51  Queen  
  21  1:58  Zergling x2  
  21  2:00  Queen  
  24  2:03  Drone  
  25  2:16  Metabolic Boost  
  25  2:24  Drone x3  
  25  2:29  Extractor  
  27  2:30  Overlord  
  27  2:36  Drone  
  28  2:44  Extractor  
  28  2:45  Drone  
  28  2:49  Extractor  
  28  2:50  Drone x2  
  28  2:51  Drone  
  30  2:55  Lair  
  30  2:57  Drone  
  31  3:00  Drone  
  31  3:02  Drone  
  33  3:10  Drone x3  
  36  3:16  Overlord  
  36  3:37  Drone x3  
  39  3:43  Drone x3  
  39  3:45  Overlord  
  42  3:54  Spire  
  41  3:56  Drone x3  
  41  4:02  Overlord  
  44  4:10  Overlord  
  44  4:14  Zergling x6  
  44  4:15  Zergling x6  
  44  4:17  Overlord  
  50  4:21  Zergling x4  
  52  4:29  Queen  
  46  5:15  Mutalisk x3  
  46  5:16  Mutalisk x6  
  46  5:17  Mutalisk  
  66  5:21  Zergling x6  
  66  5:22  Zergling x6  
  72  5:46  Mutalisk  
  72  5:47  Mutalisk  
  76  5:50  Overlord x2  
  76  5:56  Overlord  
  76  6:09  Overlord, Mutalisk  
  76  6:10  Mutalisk x3  
  84  6:12  Hatchery  
  82  6:36  Mutalisk x3  
  82  6:38  Zergling x10  
  91  7:13  Evolution Chamber  
  91  7:14  Evolution Chamber  
  89  7:20  Drone x6  
  89  7:21  Drone x2  
  93  7:43  Mutalisk x4  
  93  7:44  Mutalisk x3  
  107  7:57  Extractor  
  106  7:59  Extractor  
  106  8:00  Drone x3  
  106  8:01  Drone x5  
  113  8:08  Zerg Melee Weapons Level 1  
  113  8:09  Zerg Ground Armor Level 1  
  113  8:15  Overlord x2  
  113  8:33  Drone x5  
  113  8:34  Drone x2  
  120  8:44  Pneumatized Carapace  
  120  8:45  Overlord  
  120  8:46  Overlord x2  
  120  8:52  Mutalisk x3  
  126  9:11  Zergling x4  
  126  9:12  Zergling x12  
  134  9:20  Infestation Pit  
  133  9:32  Hatchery  
  132  9:42  Overlord  
  132  9:43  Overlord  
  126  10:22  Mutalisk x2  
  126  10:23  Mutalisk x7  
  126  10:24  Mutalisk x6  
  156  10:28  Zerg Flyer Weapons Level 1  
  156  10:30  Zergling x6  
  156  10:35  Hive  
  159  10:39  Drone x2  
  159  10:40  Drone  
  162  10:46  Drone  
  163  10:56  Drone  
  163  10:57  Drone x3  
  167  11:05  Zerg Melee Weapons Level 2  
  167  11:06  Zerg Ground Armor Level 2  
  167  11:08  Zergling x12  
  173  11:28  Overlord x4  
  173  11:33  Extractor  
  173  11:35  Extractor  
  171  11:55  Ultralisk Cavern  
  171  11:57  Zergling x2  
  171  11:58  Zergling x14  
  171  11:59  Zergling x12  
  171  12:00  Zergling x10  
  189  12:02  Adrenal Glands  
  189  12:19  Zergling x2  
  189  12:20  Zergling x14  
  189  12:21  Zergling x6  
  200  12:25  Zerg Flyer Weapons Level 2  
  196  12:37  Zergling x6  
  199  12:59  Chitinous Plating  
  199  13:04  Overlord  
  196  13:24  Zerg Melee Weapons Level 3  
  196  13:25  Zerg Ground Armor Level 3  
  156  13:56  Ultralisk  
  156  13:57  Ultralisk x6  
  156  13:58  Ultralisk x2  
  156  13:59  Ultralisk  
  156  14:01  Zergling x4  
  200  14:17  Anabolic Synthesis  
  200  14:52  Ultralisk  
  196  15:11  Ultralisk  
Show
View Real Time Build Order
Export as new Build Order

Nyck Terran - Winner!

Build Orders:  

Get SALT Encoding   

  12  0:00  SCV  
  13  0:12  SCV  
  14  0:17  Supply Depot  
  14  0:25  SCV  
  15  0:40  SCV  
  16  0:45  Barracks  
  16  0:49  Refinery  
  16  0:52  Refinery  
  16  0:58  SCV  
  17  1:07  Barracks  
  17  1:11  SCV  
  18  1:23  SCV  
  19  1:35  Reaper  
  20  1:40  Supply Depot  
  20  1:46  Orbital Command  
  20  2:18  Supply Depot, Reaper x2  
  22  2:25  Factory  
  22  2:35  SCV  
  23  2:50  SCV  
  24  2:58  Barracks Reactor  
  24  3:00  Barracks Reactor  
  24  3:02  SCV  
  25  3:11  Starport  
  25  3:14  SCV  
  25  3:18  Command Center  
  26  3:27  SCV  
  27  3:40  Hellion x2  
  31  3:45  Marine x2  
  33  3:52  SCV  
  34  3:57  Marine, Medivac  
  37  4:07  SCV  
  35  4:19  Marine x2  
  35  4:22  Hellion  
  39  4:29  Supply Depot  
  39  4:30  Hellion  
  41  4:36  SCV  
  41  4:37  Orbital Command  
  42  4:39  Liberator  
  42  4:40  Marine x2  
  42  4:43  Hellion  
  49  4:49  Barracks Tech Lab  
  49  4:58  Marine x2  
  51  5:08  SCV x2  
  51  5:10  Hellion  
  51  5:11  Hellion  
  51  5:13  Marine  
  58  5:20  SCV  
  59  5:38  Marine x3  
  62  5:46  Orbital Command  
  62  5:57  Command Center  
  62  5:59  Starport Reactor  
  62  6:07  Supply Depot  
  62  6:28  SCV  
  62  6:29  SCV  
  64  6:34  Marine x3  
  64  6:37  Siege Tank  
  70  6:44  Supply Depot  
  70  7:04  Infernal Pre-Igniter  
  70  7:05  SCV, Marine x4, Liberator  
  70  7:07  Supply Depot  
  70  7:08  SCV, Liberator  
  82  7:09  Siege Tank  
  85  7:17  SCV  
  85  7:20  SCV  
  87  7:23  Orbital Command  
  88  7:30  Supply Depot, SCV  
  88  7:32  SCV  
  89  8:00  Marine x4  
  89  8:02  Siege Tank  
  89  8:04  Liberator x2  
  102  8:06  SCV  
  102  8:07  SCV  
  104  8:16  Orbital Command  
  104  8:18  SCV, Marine x3  
  104  8:19  SCV  
  109  8:26  Starport  
  109  8:30  Supply Depot  
  109  8:39  Marine  
  109  8:40  SCV x2, Siege Tank  
  115  8:52  Supply Depot, SCV x3  
  118  8:59  Marine x4  
  118  9:02  Liberator  
  125  9:09  Refinery  
  125  9:12  Refinery  
  125  9:14  SCV x3, Siege Tank  
  125  9:15  Supply Depot  
  131  9:23  Marine x2  
  133  9:29  Starport  
  133  9:34  Fusion Core  
  133  9:36  Marine x2, Liberator  
  133  9:37  SCV x3  
  141  9:38  Supply Depot  
  141  9:41  Refinery  
  141  9:46  Refinery  
  141  9:54  Starport Tech Lab  
  141  9:59  Engineering Bay  
  141  10:00  SCV x3, Marine x2, Siege Tank  
  141  10:01  Supply Depot  
  141  10:03  Armory  
  149  10:19  SCV x2, Marine x2  
  153  10:22  SCV  
  153  10:26  Supply Depot  
  154  10:28  Marine  
  154  10:29  Marine  
  154  10:31  SCV x2  
  154  10:32  Siege Tank  
  154  10:34  SCV, Starport Tech Lab  
  162  10:41  Weapon Refit  
  162  10:43  Terran Infantry Weapons Level 1  
  162  10:50  Supply Depot, Marine x4  
  162  10:55  Terran Vehicle And Ship Armor Level 1  
  166  11:04  Hellion  
  168  11:13  Supply Depot  
  168  11:16  Marine x2  
  168  11:17  Marine x2  
  172  11:20  Command Center  
  172  11:25  Siege Tank, Battlecruiser  
  178  11:30  Command Center  
  181  11:36  Supply Depot, Command Center  
  181  11:37  Command Center  
  181  11:41  Medivac x2  
  185  11:49  Marine x4  
  189  11:58  Battlecruiser  
  189  12:01  Supply Depot  
  195  12:04  SCV  
  195  12:05  SCV  
  197  12:22  Siege Tank  
  199  13:02  Planetary Fortress  
  185  14:57  Battlecruiser x2  
  185  14:58  Viking  
Tags
 
Add a new tag
Caveats
  • Supply blocks, unpowered buildings, or Contaminate may cause inaccurate times.
  • Supply counts are checked every 10 seconds.